MLB
CHICAGO WHITE SOX @ COLORADO ROCKIES
08/18/2023
 
TOP OF THE 1ST
Chicago White Sox batting - Pitching for Colorado Rockies : RHP Jacob deGrom
Pitching: RHP Jacob deGrom
Batting: LHB Matt Carpenter 0-0: Called Strike
0-1: Foul Ball, location: 2F
0-2: Ball
1-2: Foul Ball, location: 3FF
1-2: Ball
2-2: Foul Ball, location: 2F
2-2: Ball
3-2: Foul Ball, location: 3F
3-2: Foul Ball, location: 9LMF
3-2: Base on Balls
Batting: LHB Kolten Wong 0-0: Grounds into double play, 5-4-3 (Groundball, 15, EV 84.4 MPH)
Batting: RHB Julio Rodriguez 0-0: Foul Ball, location: 7LMF
0-1: Fly out, F4 (Popup, 34D, EV 52.5 MPH)
Top of the 1st over - 0 runs, 0 hits, 0 errors, 0 left on base; Chicago 0 - Colorado 0
BOTTOM OF THE 1ST
Colorado Rockies batting - Pitching for Chicago White Sox : RHP Corey Kluber
Pitching: RHP Corey Kluber
Batting: LHB Cedric Mullins 0-0: Ball
1-0: Ball
2-0: Ball
3-0: Called Strike
3-1: Base on Balls
Batting: RHB Austin Riley 0-0: Called Strike
0-1: Ball
1-1: Ball
2-1: Foul Ball, location: 3F
2-2: Ball
3-2: Foul Ball, location: 2F
3-2: Foul Ball, location: 3F
3-2: Strikes out looking
Cedric Mullins steals 2nd base
Batter strikes out.
Batting: LHB Shohei Ohtani 0-0: Ball
1-0: Ball
2-0: Ball
3-0: Base on Balls
Batting: RHB Aaron Judge 0-0: Foul Ball, location: 9LDF
0-1: SINGLE (Line Drive, 89S, EV 92.5 MPH)
Cedric Mullins to third
Shohei Ohtani to second
Batting: RHB Pete Alonso 0-0: Swinging Strike
0-1: Foul Ball, location: 9LDF
0-2: Grounds into double play, 6-4-3 (Groundball, 6, EV 103.1 MPH)
Bottom of the 1st over - 0 runs, 1 hit, 0 errors, 2 left on base; Chicago 0 - Colorado 0
TOP OF THE 2ND
Chicago White Sox batting - Pitching for Colorado Rockies : RHP Jacob deGrom
Batting: LHB Matt Olson 0-0: Called Strike
0-1: Ground out 6-3 (Groundball, P, EV 88.8 MPH)
Batting: RHB Bobby Witt Jr. 0-0: Foul Ball, location: 25F
0-1: Foul Ball, location: 9LSF
0-2: Foul Ball, location: 2F
0-2: Strikes out looking
Batting: SHB Jeimer Candelario 0-0: Called Strike
0-1: Foul Ball, location: 2F
0-2: Ball
1-2: Foul Ball, location: 25F
1-2: Ground out 4-3 (Groundball, 4, EV 96.3 MPH)
Top of the 2nd over - 0 runs, 0 hits, 0 errors, 0 left on base; Chicago 0 - Colorado 0
BOTTOM OF THE 2ND
Colorado Rockies batting - Pitching for Chicago White Sox : RHP Corey Kluber
Batting: RHB Byron Buxton 0-0: Ball
1-0: Called Strike
1-1: Swinging Strike
1-2: Strikes out swinging
Batting: RHB J.T. Realmuto 0-0: Ball
1-0: Ball
2-0: Ball
3-0: Called Strike
3-1: Fly out, F9 (Flyball, 9D, EV 108.1 MPH)
Batting: LHB Gavin Lux 0-0: Called Strike
0-1: Foul Ball, location: 5F
0-2: Ball
1-2: Fly out, F4 (Line Drive, 4, EV 61.3 MPH)
Bottom of the 2nd over - 0 runs, 0 hits, 0 errors, 0 left on base; Chicago 0 - Colorado 0
TOP OF THE 3RD
Chicago White Sox batting - Pitching for Colorado Rockies : RHP Jacob deGrom
Batting: RHB Stuart Fairchild 0-0: Foul Ball, location: 3F
0-1: Ball
1-1: SOLO HOME RUN (Flyball, 9D, EV 102.5 MPH), Distance : 380 ft
Batting: LHB MJ Melendez 0-0: Ball
1-0: Ball
2-0: Ball
3-0: Called Strike
3-1: Foul Ball, location: 2F
3-2: Foul Ball, location: 2F
3-2: Fly out, F9 (Flyball, 89D, EV 110.6 MPH)
Batting: RHB Luis Torrens 0-0: SINGLE (Line Drive, 34D, EV 96.3 MPH)
Batting: LHB Matt Carpenter 0-0: Ball
1-0: Fly out, F8 (Flyball, 8LD, EV 93.8 MPH)
Batting: LHB Kolten Wong 0-0: Foul Ball, location: 2F
0-1: Foul Ball, location: 2F
0-2: Ball
1-2: Ball
2-2: Reached on error, E6 (Groundball, 6, EV 84.4 MPH)
Luis Torrens to second
Batting: RHB Julio Rodriguez 0-0: SINGLE (Line Drive, 4MD, EV 100.0 MPH)
Luis Torrens to third
Kolten Wong to second
Runner from 3rd tries for Home, SAFE, throw by CF to home
Batting: LHB Matt Olson 0-0: Ball
1-0: Ball
2-0: Called Strike
2-1: Foul Ball, location: 3F
2-2: Ball
3-2: Foul Ball, location: 5SF
3-2: Strikes out swinging
Top of the 3rd over - 2 runs, 3 hits, 1 error, 2 left on base; Chicago 2 - Colorado 0
BOTTOM OF THE 3RD
Colorado Rockies batting - Pitching for Chicago White Sox : RHP Corey Kluber
Batting: RHB Willy Adames 0-0: Ball
1-0: Ball
2-0: Called Strike
2-1: Foul Ball, location: 5SF
2-2: Foul Ball, location: 2F
2-2: Hit by Pitch
Batting: LHB Cedric Mullins 0-0: Called Strike
0-1: Fly out, F8 (Flyball, 78D, EV 95.6 MPH)
Batting: RHB Austin Riley 0-0: DOUBLE (Flyball, 78XD, EV 96.3 MPH)
Willy Adames to third
Runner from 3rd tries for Home, SAFE, throw by LF to home
Batting: LHB Shohei Ohtani 0-0: Ball
1-0: Foul Ball, location: 2F
1-1: SINGLE (Flyball, 8RS, EV 97.5 MPH)
Austin Riley to third
Runner from 3rd tries for Home, SAFE, throw by CF to home
Batting: RHB Aaron Judge 0-0: Ball
1-0: DOUBLE (Flyball, 8RXD, EV 111.3 MPH)
Shohei Ohtani to third
Runner from 3rd tries for Home, SAFE, no throw by CF
Batting: RHB Pete Alonso 0-0: Ball
1-0: Ball
2-0: Ball
3-0: Base on Balls
Batting: RHB Byron Buxton 0-0: Ball
1-0: Foul Ball, location: 9LSF
1-1: Foul Ball, location: 3SF
1-2: Strikes out looking
Batting: RHB J.T. Realmuto 0-0: Fly out, F9 (Flyball, 9LM, EV 99.4 MPH)
Bottom of the 3rd over - 3 runs, 3 hits, 0 errors, 2 left on base; Chicago 2 - Colorado 3
TOP OF THE 4TH
Chicago White Sox batting - Pitching for Colorado Rockies : RHP Jacob deGrom
Batting: RHB Bobby Witt Jr. 0-0: Called Strike
0-1: Ball
1-1: Called Strike
1-2: Foul Ball, location: 3SF
1-2: Ball
2-2: Ground out 6-3 (Groundball, 6, EV 103.1 MPH)
Batting: SHB Jeimer Candelario 0-0: Fly out, F9 (Line Drive, 9D, EV 97.5 MPH)
Batting: RHB Stuart Fairchild 0-0: Ground out 6-3 (Groundball, 6, EV 90.6 MPH)
Top of the 4th over - 0 runs, 0 hits, 0 errors, 0 left on base; Chicago 2 - Colorado 3
BOTTOM OF THE 4TH
Colorado Rockies batting - Pitching for Chicago White Sox : RHP Corey Kluber
Batting: LHB Gavin Lux 0-0: Called Strike
0-1: Ball
1-1: SINGLE (Line Drive, 9S, EV 97.5 MPH)
Batting: RHB Willy Adames 0-0: Called Strike
0-1: Ball
1-1: Single, Error in OF, E8, batter to second base (Groundball, 6MD, EV 99.4 MPH)
Gavin Lux to third
Batting: LHB Cedric Mullins 0-0: Foul Ball, location: 23FF
0-1: Ball
1-1: Fielders Choice at home, 5-2 (Groundball, 56, EV 90.6 MPH)
Willy Adames to third
Batting: RHB Austin Riley 0-0: Ball
Cedric Mullins steals 2nd base
1-0: Ground out 5-3 (Groundball, 56S, EV 87.5 MPH)
Willy Adames scores
Batting: LHB Shohei Ohtani 0-0: DOUBLE (Line Drive, 89D, EV 103.8 MPH)
Cedric Mullins scores
Pitching: RHP Chris Martin
Batting: RHB Aaron Judge 0-0: Ball
1-0: Ball
2-0: Swinging Strike
2-1: Fly out, F5 (Popup, 5SF, EV 69.4 MPH)
Bottom of the 4th over - 2 runs, 3 hits, 1 error, 1 left on base; Chicago 2 - Colorado 5
TOP OF THE 5TH
Chicago White Sox batting - Pitching for Colorado Rockies : RHP Jacob deGrom
Batting: LHB MJ Melendez 0-0: Ball
1-0: Called Strike
1-1: Foul Ball, location: 5DF
1-2: Ball
2-2: Ball
3-2: Base on Balls
Batting: RHB Luis Torrens 0-0: Fly out, F8 (Flyball, 8RXD, EV 80.0 MPH)
Batting: LHB Matt Carpenter 0-0: Ball
1-0: Called Strike
1-1: 2-RUN HOME RUN (Flyball, 9D, EV 98.8 MPH), Distance : 382 ft
Batting: LHB Kolten Wong 0-0: Ball
1-0: Ball
2-0: Called Strike
2-1: SINGLE (Groundball, 4M, EV 65.0 MPH)
Batting: RHB Julio Rodriguez 0-0: Ball
1-0: Foul Ball, location: 25FF
1-1: Ball
Kolten Wong steals 2nd base
2-1: Ball
3-1: Ground out 5-3 (Groundball, 56, EV 91.9 MPH)
Kolten Wong to third
Batting: LHB Matt Olson 0-0: Called Strike
0-1: Foul Ball, location: 23FF
0-2: Ball
1-2: Strikes out swinging
Top of the 5th over - 2 runs, 2 hits, 0 errors, 1 left on base; Chicago 4 - Colorado 5
BOTTOM OF THE 5TH
Colorado Rockies batting - Pitching for Chicago White Sox : RHP Chris Martin
Batting: RHB Pete Alonso 0-0: Swinging Strike
0-1: Swinging Strike
0-2: Ball
1-2: Ball
2-2: Strikes out swinging
Batting: RHB Byron Buxton 0-0: Ball
1-0: Foul Ball, location: 9LSF
1-1: Swinging Strike
1-2: Strikes out swinging
Batting: RHB J.T. Realmuto 0-0: DOUBLE (Line Drive, 3D, EV 95.0 MPH)
Batting: LHB Gavin Lux 0-0: Swinging Strike
0-1: Fly out, F7 (Flyball, 78M, EV 89.4 MPH)
Bottom of the 5th over - 0 runs, 1 hit, 0 errors, 1 left on base; Chicago 4 - Colorado 5
TOP OF THE 6TH
Chicago White Sox batting - Pitching for Colorado Rockies : RHP Jacob deGrom
Pitching: LHP A.J. Puk
Batting: RHB Bobby Witt Jr. 0-0: Ball
1-0: Foul Ball, location: 5F
1-1: Foul Ball, location: 7LSF
1-2: SINGLE (Line Drive, 4D, EV 106.9 MPH)
Batting: SHB Jeimer Candelario 0-0: Ball
1-0: Grounds into double play, 6-4-3 (Groundball, 6, EV 106.9 MPH)
Batting: RHB Stuart Fairchild 0-0: Ball
1-0: Foul Ball, location: 2F
1-1: Ball
2-1: Foul Ball, location: 25F
2-2: Strikes out looking
Top of the 6th over - 0 runs, 1 hit, 0 errors, 0 left on base; Chicago 4 - Colorado 5
BOTTOM OF THE 6TH
Colorado Rockies batting - Pitching for Chicago White Sox : RHP Chris Martin
Batting: RHB Willy Adames 0-0: Called Strike
0-1: Ball
1-1: Called Strike
1-2: Strikes out swinging
Batting: LHB Cedric Mullins 0-0: Ball
1-0: Foul Ball, location: 7LMF
1-1: Called Strike
1-2: Ground out 4-3 (Groundball, 4, EV 85.6 MPH)
Batting: RHB Austin Riley 0-0: Ball
1-0: SINGLE (Groundball, 6MD, EV 96.3 MPH)
Pitching: LHP Hoby Milner
Batting: LHB Shohei Ohtani 0-0: Called Strike
0-1: Ball
1-1: Called Strike
1-2: Ground out U3 (Groundball, 3, EV 105.6 MPH)
Bottom of the 6th over - 0 runs, 1 hit, 0 errors, 1 left on base; Chicago 4 - Colorado 5
TOP OF THE 7TH
Chicago White Sox batting - Pitching for Colorado Rockies : LHP A.J. Puk
Pitching: RHP Brusdar Graterol
Batting: LHB MJ Melendez 0-0: Called Strike
0-1: Called Strike
0-2: Ball
1-2: Ball
2-2: Ground out 2-3 (Groundball, 15S, EV 68.1 MPH)
Batting: RHB Luis Torrens 0-0: Ball
1-0: Called Strike
1-1: Ball
2-1: Foul Ball, location: 23F
2-2: Foul Ball, location: 5SF
2-2: Foul Ball, location: 3F
2-2: Strikes out swinging
Batting: LHB Matt Carpenter 0-0: Foul Ball, location: 2F
0-1: Swinging Strike
0-2: Ball
1-2: Ball
2-2: Ball
3-2: SINGLE (Line Drive, 34D, EV 101.3 MPH)
Pitching: LHP Taylor Rogers
Batting: LHB Kolten Wong 0-0: Foul Ball, location: 3DF
0-1: Ball
1-1: Swinging Strike
1-2: Foul Ball, location: 9LSF
1-2: Strikes out swinging
Top of the 7th over - 0 runs, 1 hit, 0 errors, 1 left on base; Chicago 4 - Colorado 5
BOTTOM OF THE 7TH
Colorado Rockies batting - Pitching for Chicago White Sox : LHP Hoby Milner
Batting: RHB Aaron Judge 0-0: Ball
1-0: Ball
2-0: Called Strike
2-1: Swinging Strike
2-2: Strikes out swinging
Batting: RHB Pete Alonso 0-0: SINGLE (Line Drive, 8RS, EV 103.8 MPH)
Batting: RHB Byron Buxton 0-0: Foul Ball, location: 5FF
0-1: Foul Ball, location: 5F
0-2: Strikes out swinging
Batting: RHB J.T. Realmuto 0-0: Called Strike
0-1: Swinging Strike
0-2: Ball
1-2: Ball
2-2: Foul Ball, location: 2F
2-2: Foul Ball, location: 2F
2-2: Ball
3-2: Foul Ball, location: 2LF
3-2: Fly out, F9 (Flyball, 9LSF, EV 86.9 MPH)
Bottom of the 7th over - 0 runs, 1 hit, 0 errors, 1 left on base; Chicago 4 - Colorado 5
TOP OF THE 8TH
Chicago White Sox batting - Pitching for Colorado Rockies : LHP Taylor Rogers
Pitching: LHP Jeffrey Springs
Now at 1B: Bobby Dalbec
Batting: RHB Julio Rodriguez 0-0: SINGLE (Groundball, 56D, EV 94.4 MPH)
Batting: LHB Matt Olson 0-0: Foul Ball, location: 9LSF
0-1: Foul Ball, location: 7LSF
0-2: Foul Ball, location: 2F
0-2: Foul Ball, location: 7LMF
0-2: Strikes out swinging
Batting: RHB Bobby Witt Jr. 0-0: Called Strike
0-1: SINGLE (Line Drive, 4D, EV 64.4 MPH)
Julio Rodriguez to second
Runner from 2nd tries for 3rd, SAFE, throw by CF made to third
Batting: SHB Jeimer Candelario 0-0: Called Strike
0-1: Foul Ball, location: 2F
0-2: Ball
1-2: Ball
2-2: Strikes out swinging
Batting: RHB Stuart Fairchild 0-0: Ground out 5-3 (Groundball, 56S, EV 83.8 MPH)
Top of the 8th over - 0 runs, 2 hits, 0 errors, 2 left on base; Chicago 4 - Colorado 5
BOTTOM OF THE 8TH
Colorado Rockies batting - Pitching for Chicago White Sox : LHP Hoby Milner
Pitching: LHP Ariel Miranda
Batting: LHB Gavin Lux 0-0: Called Strike
0-1: Fly out, F8 (Line Drive, 8RM, EV 91.3 MPH)
Batting: RHB Willy Adames 0-0: Called Strike
0-1: Ball
1-1: Ball
2-1: Swinging Strike
2-2: SINGLE (Line Drive, 3D, EV 99.4 MPH)
Batting: LHB Cedric Mullins 0-0: Fielders Choice at 2nd, 4-6 (Groundball, 4, EV 86.3 MPH)
Batting: RHB Austin Riley 0-0: Fly out, F7 (Flyball, 7D, EV 94.4 MPH)
Bottom of the 8th over - 0 runs, 1 hit, 0 errors, 1 left on base; Chicago 4 - Colorado 5
TOP OF THE 9TH
Chicago White Sox batting - Pitching for Colorado Rockies : LHP Jeffrey Springs
Pitching: RHP Raisel Iglesias
Batting: LHB MJ Melendez 0-0: Ball
1-0: Foul Ball, location: 2F
1-1: Called Strike
1-2: Ground out 6-3 (Groundball, 15, EV 81.3 MPH)
Batting: RHB Luis Torrens 0-0: Swinging Strike
0-1: Ball
1-1: Foul Ball, location: 9LSF
1-2: Ball
2-2: Strikes out swinging
Batting: LHB Matt Carpenter 0-0: SOLO HOME RUN (Flyball, 9LD, EV 97.5 MPH), Distance : 374 ft
Batting: LHB Kolten Wong 0-0: Foul Ball, location: 2F
0-1: Foul Ball, location: 9LMF
0-2: Ball
1-2: Ball
2-2: Strikes out swinging
Top of the 9th over - 1 run, 1 hit, 0 errors, 0 left on base; Chicago 5 - Colorado 5
BOTTOM OF THE 9TH
Colorado Rockies batting - Pitching for Chicago White Sox : LHP Ariel Miranda
Batting: LHB Shohei Ohtani 0-0: Ball
1-0: Ball
2-0: Called Strike
2-1: Foul Ball, location: 3SF
2-2: Strikes out looking
Batting: RHB Aaron Judge 0-0: Called Strike
0-1: Foul Ball, location: 2F
0-2: Ball
1-2: Foul Ball, location: 2F
1-2: Ball
2-2: SOLO HOME RUN (Flyball, 89XD, EV 106.3 MPH), Distance : 409 ft
Bottom of the 9th over - 1 run, 1 hit, 0 errors, 0 left on base; Chicago 5 - Colorado 6
Sunday, October 29th , 2023 - OOTP Baseball 24.10 Build 82